 Dungeon Crawl Stone Soup version 0.20.1-1-g8b1a95d (webtiles) character file.

270 letownia2 the Grave Robber (level 6, 0/49 HPs)
             Began as a Deep Dwarf Necromancer on Nov 20, 2017.
             Was an Initiate of Gozag.
             Succumbed to Ratty's ghost's poison
             ... on level 3 of the Dungeon.
             The game lasted 00:08:43 (2613 turns).

letownia2 the Grave Robber (Deep Dwarf Necromancer) Turns: 2613, Time: 00:08:44

Health: 0/49       AC:  5    Str: 14 (17) XL:     6   Next: 1%
Magic:  3/11       EV: 16    Int: 19 (20) God:    Gozag
Gold:   326        SH:  0    Dex: 16 (18) Spells: 7/11 levels left

rFire    . . .     SeeInvis .   a - +0 short sword
rCold    . . .     Gourm    .   (no shield)
rNeg     . . .     Faith    .   y - +0 ring mail
rPois    .         Spirit   .   (no helmet)
rElec    .         Reflect  .   (no cloak)
rCorr    .         Harm     .   (no gloves)
MR       .....                  (no boots)
Stlth    +.........             p - amulet of magic regeneration
Regen    0.0/turn               i - +3 ring of intelligence
MPRegen  0.2/turn               (no ring)

@: confused, mighty, agile, lethally poisoned (0 -> -19), flying, very slightly
contaminated, non-regenerating, slowed, invisible, very slow
A: damage resistance, heal wounds, sense surroundings 1, no regeneration
a: Heal Wounds, Potion Petition, Call Merchant, Bribe Branch, Renounce Religion


You were on level 3 of the Dungeon.
You worshipped Gozag.
Gozag was aware of your devotion.
You were not hungry.

You visited 1 branch of the dungeon, and saw 4 of its levels.

You collected 368 gold pieces.
You paid 42 gold pieces to Gozag.

Inventory:

Hand Weapons
 a - a +0 short sword (weapon)
 d - a +2 long sword of protection
Armour
 x - a +3 leather armour
 y - a +0 ring mail (worn)
Jewellery
 i - a +3 ring of intelligence (left hand)
 p - an amulet of magic regeneration (around neck)
Wands
 l - a wand of paralysis (0/24)
Scrolls
 n - a scroll of teleportation {unknown}
 o - 2 scrolls of recharging {unknown}
 s - 3 scrolls of remove curse
 v - 2 scrolls of identify {unknown}
 w - a scroll of fog
Potions
 e - a potion of agility
 h - a potion of degeneration
 q - a potion of curing {unknown}
 t - a potion of mutation {unknown}
 u - a potion of heal wounds
Books
 b - a book of Necromancy

   Spells                             Type                      Level
   a - Pain                           Necromancy                   1
   b - Animate Skeleton               Necromancy                   1
   c - Vampiric Draining              Necromancy                   3
   d - Regeneration                   Charms/Necromancy            3
   e - Animate Dead                   Necromancy                   4
   f - Control Undead                 Necromancy                   4
 r - a book of Changes

   Spells                             Type                      Level
   a - Beastly Appendage              Transmutation                1
   b - Sticks to Snakes               Transmutation                2
   c - Spider Form                    Transmutation/Poison         3
   d - Ice Form                       Ice/Transmutation            4
   e - Blade Hands                    Transmutation                5
Comestibles
 c - 2 bread rations


   Skills:
 - Level 2.1 Dodging
 - Level 2.4 Stealth
 + Level 3.4 Spellcasting
 + Level 6.3 Necromancy
 - Level 3.1 Evocations


You had 7 spell levels left.
You knew the following spells:

 Your Spells              Type           Power        Failure   Level  Hunger
a - Pain                  Necr           ####         2%          1    None
v - Vampiric Draining     Necr           ####......   7%          3    ###....


Dungeon Overview and Level Annotations

Branches:
Dungeon (4/15)
 Temple: D:4-7

Altars:
Dithmenos
Gozag
Nemelex Xobeh
Ru
Sif Muna
Uskayaw
Xom

Annotations:
D:3 Ratty's ghost, amateur DEWz
D:4 Eustachio; Robin


Innate Abilities, Weirdness & Mutations

You are resistant to damage.
You can heal yourself by infusing magical energy.
You passively map a small area around you.
You do not regenerate.


Message History

You are more poisoned.
Unknown command.
Unknown command.
* * * LOW HITPOINT WARNING * * *
You feel very sick.
Ratty's ghost points at you and mumbles some strange words.
You feel yourself slow down.
Unknown command.
It was a potion of invisibility.
You fade into invisibility!
* * * LOW HITPOINT WARNING * * *
You feel very sick. Ratty's ghost closely misses you.
You are very lightly contaminated with residual magic.
Unknown command.
It was a potion of flight.
You feel very buoyant.
You fly up into the air.
You die...
Your body crumbles into a pile of gold.

#########...##.............#.####
...........................#.....
############.#.............######
...........#.#.............# #
...........#...............######
...........##....................
...........##................####
...........###.#+########....#
...........# #..@# #....#
...........# ##.W# #....#
...........# #$.# #....#
############ #$.# #....# ##>#
#....# ### #....# ######


You could see Ratty's ghost.

Vanquished Creatures
  A scorpion (D:3)
  A howler monkey (D:3)
  A hound (D:4)
  6 gnolls (D:4)
  3 adders
  An ooze (D:1)
  A dart slug (D:3)
  4 leopard geckos
  2 giant cockroaches (D:2)
  9 goblins
  5 hobgoblins
  2 jackals (D:4)
  6 kobolds
  A quokka (D:2)
  4 bats
  3 frilled lizards
  A jackal skeleton (D:4)
  5 rats
56 creatures vanquished.

Vanquished Creatures (others)
  A goblin (D:3)
1 creature vanquished.

Grand Total: 57 creatures vanquished

Notes
Turn   | Place    | Note
-------+----------+-------------------------------------------
     0 | D:1      | letownia2 the Deep Dwarf Necromancer began the quest for the Orb.
     0 | D:1      | Reached XP level 1. HP: 15/15 MP: 3/3
   249 | D:2      | Reached XP level 2. HP: 20/22 MP: 0/5
   516 | D:3      | Found an opulent altar of Gozag.
   517 | D:3      | Found a sparkling altar of Nemelex Xobeh.
   517 | D:3      | Found a hide-covered altar of Uskayaw.
   517 | D:3      | Found a shadowy altar of Dithmenos.
   542 | D:3      | Reached skill level 5 in Necromancy
   737 | D:3      | Reached skill level 1 in Evocations
   737 | D:3      | Reached XP level 3. HP: 26/28 MP: 3/6
   754 | D:3      | Noticed Ratty's ghost (amateur DEWz)
   882 | D:3      | Became a worshipper of Gozag Ym Sagoz the Greedy
   908 | D:2      | Learned a level 3 spell: Vampiric Draining
   918 | D:2      | Found a sacrificial altar of Ru.
  1360 | D:3      | Found a shimmering altar of Xom.
  1400 | D:4      | Noticed a phantom
  1405 | D:3      | Reached XP level 4. HP: 28/36 MP: 0/8
  1903 | D:1      | Reached XP level 5. HP: 30/42 MP: 6/9
  2351 | D:4      | Found a deep blue altar of Sif Muna.
  2517 | D:4      | Reached skill level 6 in Necromancy
  2560 | D:4      | Noticed Robin
  2594 | D:4      | Noticed Eustachio
  2599 | D:3      | Reached XP level 6. HP: 30/49 MP: 0/11
  2613 | D:3      | Succumbed to Ratty's ghost's poison

Skill      XL: |  1  2  3  4  5 |
---------------+----------------+-----
Spellcasting   | 2 3 |  3.4
Necromancy     | 5 6 |  6.3
Evocations     | 1 2 3 |  3.1
Dodging        | |  2.1
Stealth        | |  2.4

Action                   |  1- 3 |  4- 6 || total
-------------------------+-------+-------++-------
Melee: Short sword       |     4 |    16 ||    20
 Cast: Pain              |    45 |    57 ||   102
       Vampiric Draining |       |     8 ||     8
Evoke: Wand              |     1 |       ||     1
  Use: Scroll            |     3 |       ||     3
       Potion            |       |     5 ||     5
  Eat: Royal jelly       |     1 |       ||     1
       Meat ration       |       |     1 ||     1
Armor: Leather armour    |     1 |     1 ||     2
       Ring mail         |       |    21 ||    21
Dodge: Dodged            |    13 |    32 ||    45
